 Dungeon Crawl Stone Soup version 0.20.1-1-g8b1a95d (webtiles) character file.

480 Goboxel the Slasher (level 6, -3/53 HPs)
             Began as a Draconian Monk on July 18, 2017.
             Slain by a wyvern zombie (10 damage)
             ... on level 4 of the Dungeon.
             The game lasted 00:06:32 (4056 turns).

Goboxel the Slasher (Draconian Monk)                Turns: 4056, Time: 00:06:33

Health: -3/53      AC:  8    Str: 13    XL:     6   Next: 86%
Magic:  6/6        EV: 14    Int: 11    God:
Gold:   231        SH:  5    Dex: 15    Spells: 5/5 levels left

rFire    . . .     SeeInvis .   a - +0 falchion
rCold    . . .     Gourm    .   d - +0 buckler
rNeg     . . .     Faith    .   (armour unavailable)
rPois    .         Spirit   .   e - +2 hat
rElec    .         Reflect  .   (no cloak)
rCorr    .         Harm     .   (no gloves)
MR       .....                  (no boots)
Stlth    ++........             (no amulet)
Regen    0.2/turn               (no ring)
MPRegen  0.1/turn               (no ring)

@: no status effects
A: unfitting armour, cold-blooded, AC +6
a: no special abilities


You were on level 4 of the Dungeon.
You were not hungry.

You visited 1 branch of the dungeon, and saw 4 of its levels.

You collected 231 gold pieces.

Inventory:

Hand Weapons
 a - a +0 falchion (weapon)
 b - a +1 short sword of venom
Armour
 d - a +0 buckler (worn)
 e - a +2 hat (worn)
Scrolls
 j - 2 scrolls of enchant armour
 l - a scroll of fog {unknown}
 n - a scroll of noise {unknown}
 o - 3 scrolls of identify
 p - 3 scrolls of remove curse {unknown}
Potions
 c - a potion of might
 g - a potion of invisibility
 h - 2 potions of curing
 k - 2 potions of flight
Comestibles
 f - 2 royal jellies
 i - 4 meat rations
 m - 5 bread rations


   Skills:
 + Level 4.7 Fighting
 + Level 4.9 Long Blades
 + Level 4.4 Dodging
 - Level 1.7 Stealth
 + Level 3.1 Shields


You had 5 spell levels left.
You didn't know any spells.

Dungeon Overview and Level Annotations

Branches:
Dungeon (4/15)
 Temple: D:4-7

Altars:
Ashenzari

Annotations:
D:4 Goboxel's ghost, novice DrMo


Innate Abilities, Weirdness & Mutations

Your plain brown scales are hard. (AC +6)
You cannot fit into any form of body armour.
You are cold-blooded and may be slowed by cold attacks.


Message History

You hit the wyvern zombie.
The wyvern zombie is moderately damaged.
The wyvern zombie bites you!
You hit the wyvern zombie.
The wyvern zombie is moderately damaged.
The wyvern zombie bites you!
* * * LOW HITPOINT WARNING * * *
You hit the wyvern zombie.
The wyvern zombie is heavily damaged.
The wyvern zombie bites you but does no damage.
The wyvern zombie bites you!
* * * LOW HITPOINT WARNING * * *
You hit the wyvern zombie. You tail-slap the wyvern zombie.
The wyvern zombie is heavily damaged.
You block the wyvern zombie's attack. The wyvern zombie barely misses you.
You feel better. The wyvern zombie bites you.
* * * LOW HITPOINT WARNING * * *
The wyvern zombie bites you!
You die...

# #......♣♣♣
##........♣P. #
#♣♣.P.♣♣# ##.......... #
♣.♣P♣..#######
######.#♣♣♣ #
#♣♣♣♣♣.......# #..# #
♣♣.......[# ##.##
##########.........##
#..#
....................##
#.##
##########...........#
##.# #......@Z.#.####..#
#.<..............#######
##########.####........[
#........#####.
#........# ##
##....[...# #.........#
#≈........# #≈≈..##.###


You could see a wyvern zombie.

Vanquished Creatures
  Sigmund (D:3)
  A scorpion (D:4)
  An orc wizard (D:4)
  Jessica (D:3)
  An iguana (D:4)
  Natasha (twice) (D:3)
  Robin (D:4)
  4 adders
  2 oozes
  2 worms
  2 dart slugs
  2 leopard geckos
  5 orcs (D:4)
  A ball python (D:1)
  7 bats
  3 giant cockroaches
  13 goblins
  12 hobgoblins
  3 jackals (D:2)
  2 frilled lizards
  A kobold (D:2)
  13 rats
80 creatures vanquished.

Notes
Turn   | Place    | Note
-------+----------+-------------------------------------------
     0 | D:1      | Goboxel the Draconian Monk began the quest for the Orb.
     0 | D:1      | Reached XP level 1. HP: 19/19 MP: 1/1
   269 | D:1      | Reached XP level 2. HP: 22/26 MP: 2/2
   571 | D:1      | Found a shattered altar of Ashenzari.
   799 | D:2      | Reached XP level 3. HP: 31/31 MP: 3/3
  1161 | D:2      | Reached skill level 1 in Shields
  1545 | D:3      | Reached XP level 4. HP: 38/38 MP: 4/4
  1777 | D:3      | Noticed Natasha
  1792 | D:3      | Killed Natasha
  1826 | D:3      | Noticed Natasha
  2102 | D:3      | Killed Natasha
  2320 | D:3      | Reached XP level 5. HP: 44/46 MP: 5/5
  2383 | D:3      | Noticed Sigmund
  2410 | D:4      | Noticed Robin
  2450 | D:4      | Killed Robin
  2818 | D:4      | Reached XP level 6. HP: 30/52 MP: 6/6
  3079 | D:4      | Noticed Goboxel's ghost (novice DrMo)
  3223 | D:3      | Killed Sigmund
  3386 | D:3      | Noticed Jessica
  3402 | D:3      | Killed Jessica
  4050 | D:4      | HP: 1/53 [wyvern zombie (9)]
  4056 | D:4      | Slain by a wyvern zombie

Skill      XL: |  1  2  3  4  5  6 |
---------------+-------------------+-----
Dodging        | 3 4 |  4.4
Shields        | 1 2 3 |  3.1
Long Blades    | 4 |  4.9
Fighting       | 4 |  4.7
Stealth        | |  1.7

Action                   |  1- 3 |  4- 6 || total
-------------------------+-------+-------++-------
Melee: Falchion          |    95 |   168 ||   263
       Tailslap          |    13 |    24 ||    37
       Short sword       |       |    22 ||    22
  Use: Scroll            |       |     4 ||     4
       Potion            |       |     3 ||     3
 Stab: Sleeping          |     3 |     7 ||    10
       Invisible         |       |     4 ||     4
  Eat: Chunk             |     2 |     8 ||    10
Armor: Skin              |    40 |    55 ||    95
Dodge: Dodged            |    71 |   104 ||   175
Block: Buckler           |    17 |    34 ||    51
       Rpst.: Falchion   |    31 |    34 ||    65
